AoeStats
← 恆浪蕩

Arena

508835489Analyzed
4v4 RM · 7d ago on Sep 24, 2026· 49m 25s· 8 players
Game mode
Random Map
Map size
Large (8 player)
Population
200
Speed
Normal
Resources
Standard
Victory
Conquest
Starting age
Dark Age
Ending age
Imperial Age
RankedLock teamsTeams togetherTeam positionsShared explorationLock speedFull tech treeHidden civsTurbo modeCheats
Victory
Defeat
🇬🇧 Gurjaras · United Kingdom
1823
+8
🇫🇷 Burgundians · France
1698
+13
🇫🇮 Spanish · Finland
1587
+17
🇹🇼 Saxons · Taiwan
1567
+19
🇹🇼 Britons · Taiwan
1701
-17
🇦🇷 Saxons · Argentina
1686
-17
🇹🇼 Vietnamese · Taiwan
1631
-14
🇹🇼 Saxons · Taiwan
1484
-9
默默默默默
10:41 Feudal Age
15:00 Castle Age
13:10 Horse Collar
13:16 Double-Bit Axe
16:07 Bow Saw
17:01 Wheelbarrow
20:15 Stone Mining
20:34 Loom
22:56 Fortified Wall
42:19 Fletching
恆浪蕩
10:44 Feudal Age
14:34 Castle Age
12:55 Double-Bit Axe
13:14 Horse Collar
15:50 Bow Saw
15:43 Heavy Plow
16:36 Wheelbarrow
20:48 Hand Cart
21:26 Gold Mining
27:07 Imperial Age
24:52 Stone Mining
24:53 Loom
25:26 Scale Barding Armor
25:32 Forging
25:49 Husbandry
26:00 Bloodlines
26:17 Treadmill Crane
28:06 Chatras
30:32 Chain Barding Armor
32:08 Plate Barding Armor
31:59 Elite Battle Elephant
34:03 Iron Casting
35:53 Pikeman
36:33 Squires
36:34 Scale Mail Armor
36:47 Halberdier
37:43 Chain Mail Armor
37:04 Light Cavalry
38:54 Plate Mail Armor
39:58 Two-Man Saw
39:28 Crop Rotation
40:35 Fletching
40:46 Padded Archer Armor
40:07 Elite Skirmisher
41:37 Imperial Skirmisher
44:28 Chemistry
45:37 Paper Money
46:37 Bodkin Arrow
48:59 Bracer
49:10 Thumb Ring
肉肉小狗
10:03 Feudal Age
11:14 Double-Bit Axe
14:00 Castle Age
12:06 Horse Collar
15:24 Bow Saw
19:33 Wheelbarrow
19:59 Gold Mining
20:33 Stone Mining
26:17 Imperial Age
23:43 Loom
23:55 Fletching
23:50 Crossbowman
24:34 Padded Archer Armor
24:48 Bodkin Arrow
25:31 Thumb Ring
25:51 Ballistics
27:06 Bracer
28:19 Chemistry
27:40 Arbalester
28:14 Treadmill Crane
29:28 Leather Archer Armor
30:59 Ring Archer Armor
31:06 Hand Cart
31:30 Scale Mail Armor
32:19 Forging
32:11 Town Watch
32:55 Chain Mail Armor
32:40 Squires
33:42 Forging
34:08 Conscription
34:33 Plate Mail Armor
33:43 Shield Wall
35:25 Iron Casting
35:41 Siege Engineers
35:38 Gambesons
37:00 Siege Engineers
36:40 Elite Varangian Guard
39:01 Illumination
39:02 Pikeman
40:38 Murder Holes
41:41 Halberdier
43:54 Clerical Recruitment
PAI
10:13 Feudal Age
14:05 Castle Age
12:21 Horse Collar
15:35 Double-Bit Axe
16:32 Bow Saw
16:55 Heavy Plow
21:13 Wheelbarrow
22:26 Hand Cart
23:05 Gold Mining
23:08 Stone Mining
24:36 Fletching
24:57 Padded Archer Armor
27:53 Imperial Age
26:03 Gold Shaft Mining
25:58 Bodkin Arrow
26:19 Leather Archer Armor
25:52 Crossbowman
27:26 Treadmill Crane
28:36 Bracer
29:37 Chemistry
28:25 Loom
29:06 Ballistics
28:28 Arbalester
30:53 Ring Archer Armor
30:31 Siege Engineers
31:05 Masonry
31:35 Conscription
32:08 Scale Mail Armor
32:18 Forging
32:46 Yeomen
34:04 Architecture
35:58 Two-Man Saw
35:40 Chain Mail Armor
36:15 Iron Casting
35:42 Squires
35:28 Arson
35:41 Pikeman
38:27 Plate Mail Armor
40:32 Blast Furnace
40:43 Halberdier
42:25 Elite Skirmisher
Kaarlos
11:04 Feudal Age
12:01 Double-Bit Axe
14:47 Castle Age
12:59 Horse Collar
16:11 Bow Saw
22:57 Padded Archer Armor
24:33 Leather Archer Armor
25:44 Fletching
26:45 Heavy Plow
27:57 Gold Mining
27:57 Stone Mining
28:36 Bloodlines
29:48 Husbandry
33:27 Imperial Age
31:52 Wheelbarrow
31:04 Loom
31:36 Scale Barding Armor
31:52 Forging
32:55 Chain Barding Armor
33:55 Iron Casting
33:12 Town Watch
34:04 Hand Cart
33:28 Cavalier
34:45 Plate Barding Armor
34:50 Stone Shaft Mining
35:26 Two-Man Saw
35:39 Conscription
34:51 Paladin
38:42 Blast Furnace
38:36 Ring Archer Armor
38:52 Scale Mail Armor
39:47 Stone Shaft Mining
39:06 Fletching
40:02 Guilds
39:59 Caravan
41:51 Chain Mail Armor
43:03 Coinage
44:14 Bodkin Arrow
44:50 Plate Mail Armor
47:08 Coinage
47:35 Bracer
48:34 Supremacy
48:30 Masonry
49:25 Chemistry
48:54 Murder Holes
49:10 Fortified Wall
48:55 Light Cavalry
49:24 Gambesons
49:02 Man-at-Arms
49:03 Pikeman
49:45 Squires
49:31 Arson
50:22 Architecture
YoRHa Unit
4:29 Double-Bit Axe
6:36 Horse Collar
10:45 Feudal Age
14:27 Castle Age
13:12 Bow Saw
15:55 Heavy Plow
18:29 Wheelbarrow
20:01 Hand Cart
21:21 Gold Mining
27:10 Imperial Age
25:58 Two-Man Saw
25:37 Scale Barding Armor
25:44 Forging
25:53 Loom
25:53 Town Watch
26:44 Husbandry
26:05 Cavalier
27:21 Chain Barding Armor
27:42 Gold Shaft Mining
28:52 Chemistry
28:47 Plate Barding Armor
28:14 Paladin
29:24 Conscription
30:51 Iron Casting
33:40 Pikeman
34:21 Squires
34:06 Light Cavalry
35:48 Blast Furnace
34:52 Scale Mail Armor
34:56 Hussar
35:26 Halberdier
37:15 Crop Rotation
37:48 Chain Mail Armor
39:56 Plate Mail Armor
39:37 Fletching
44:15 Treadmill Crane
46:21 Caravan
機會同學
10:45 Feudal Age
14:24 Castle Age
12:14 Double-Bit Axe
15:36 Bow Saw
18:14 Horse Collar
22:17 Wheelbarrow
22:35 Stone Mining
23:20 Gold Mining
27:45 Imperial Age
26:30 Scale Mail Armor
26:40 Forging
26:36 Squires
26:22 Arson
27:28 Gold Shaft Mining
27:54 Chain Mail Armor
27:47 Loom
28:54 Conscription
29:43 Plate Mail Armor
29:50 Iron Casting
30:11 Elite Varangian Guard
31:47 Murder Holes
33:49 Masonry
34:39 Chemistry
33:21 Treadmill Crane
35:44 Coinage
36:12 Caravan
37:15 Banking
37:46 Heavy Plow
37:35 Shield Wall
42:53 Crop Rotation
43:22 Elite Hearth Troop
44:01 Fletching
44:12 Padded Archer Armor
46:02 Bodkin Arrow
46:22 Leather Archer Armor
49:20 Two-Man Saw
Torpedo
11:10 Feudal Age
12:22 Double-Bit Axe
15:11 Castle Age
13:17 Horse Collar
13:55 Gold Mining
16:19 Bow Saw
16:19 Heavy Plow
17:26 Loom
21:47 Wheelbarrow
22:54 Scale Barding Armor
22:56 Husbandry
25:05 Bloodlines
26:54 Stone Mining
26:54 Town Watch
28:15 Chain Barding Armor
28:19 Forging
30:11 Hand Cart
30:32 Gold Shaft Mining
30:32 Stone Shaft Mining
32:36 Imperial Age
31:12 Iron Casting
32:22 Masonry
31:54 Treadmill Crane
33:29 Kshatriyas
34:27 Conscription
35:00 Plate Barding Armor
33:52 Heavy Camel Rider
33:59 Elite Shrivamsha Rider
35:37 Crop Rotation
36:21 Fletching
37:03 Architecture
37:46 Siege Elephant
40:13 Ballistics
40:40 Hoardings
40:11 Murder Holes
41:20 Chemistry
41:14 Bodkin Arrow
42:23 Elite Chakram Thrower
43:04 Scale Mail Armor
44:00 Chain Mail Armor
43:55 Light Cavalry
45:17 Hussar
46:26 Bracer
47:00 Plate Mail Armor
49:34 Arson
Connection lost

Rejoining the realm…

Still unreachable

The connection could not be restored.

Session expired

The server has moved on; the page needs a fresh start.